 Dungeon Crawl Stone Soup version 0.28.0 (webtiles) character file.

Game seed: 2310063673309688728

371 mopl the Poker (level 6, 0/50 HPs)
             Began as a Palentonga Gladiator on Feb 16, 2022.
             Was an Initiate of Gozag.
             Slain by a hound (1 damage)
             ... on level 4 of the Dungeon.
             The game lasted 00:04:05 (3252 turns).

mopl the Poker (Palentonga Gladiator)               Turns: 3252, Time: 00:04:06

Health: 0/50       AC:  8    Str: 20    XL:     6   Next: 42%
Magic:  6/6        EV:  6    Int:  8    God:    Gozag
Gold:   371        SH:  0    Dex: 11    Spells: 5/5 levels left

rFire   . . .      SeeInvis +   a - +0 trident
rCold   . . .      Faith    .   (no shield)
rNeg    . . .      Spirit   .   n - +0 chain mail
rPois   .          Reflect  .   c - +0 helmet
rElec   .          Harm     .   (no cloak)
rCorr   .          Rampage  .   (no gloves)
Will    .....                   (no barding)
Stlth   ..........              (no amulet)
HPRegen 0.16/turn               (no ring)
MPRegen 0.10/turn               (no ring)

@: no status effects
A: large, rugged brown scales 3, see invisible, deformed body, roll 1, armoured
tail
a: Rolling Charge, Renounce Religion, Potion Petition, Call Merchant, Bribe
Branch


You were on level 4 of the Dungeon.
You worshipped Gozag.
Gozag was aware of your devotion.
You visited 1 branch of the dungeon, and saw 5 of its levels.

You collected 371 gold pieces.

Inventory:

Hand Weapons
 a - a +0 trident (weapon)
Missiles
 b - 4 boomerangs
 d - 2 throwing nets
 g - 5 poisoned darts (quivered)
Armour
 c - a +0 helmet (worn)
 n - a +0 chain mail (worn)
Wands
 m - a wand of polymorph (4)
Scrolls
 e - a scroll of magic mapping {unknown}
 h - a scroll of silence {unknown}
 i - 3 scrolls of identify {unknown}
 j - a scroll of acquirement {unknown}
 p - 3 scrolls of teleportation {unknown}
Potions
 f - a potion of haste
 o - a potion of invisibility {unknown}
 q - a potion of curing {unknown}


   Skills:
 + Level 3.5 Fighting
 * Level 5.4 Polearms
 - Level 1.3 Throwing
 + Level 2.1 Armour
 - Level 2.4 Dodging


You had 5 spell levels left.
You didn't know any spells.
Your spell library contained the following spells:

 Spells                   Type           Power      Damage    Failure   Level
 Freeze                   Ice            0%         1d3       99%         1
 Frozen Ramparts          Ice            0%         1d2       100%        3
 Hailstorm                Conj/Ice       0%         3d3       100%        4


Dungeon Overview and Level Annotations

Branches:
Dungeon (5/15)
 Temple: D:4-7

Altars:
Gozag
The Shining One


Innate Abilities, Weirdness & Mutations

You are completely covered in rugged brown scales. (AC +3, +7% HP)
You have supernaturally acute eyesight. (SInv)
Armour fits poorly on your strangely shaped body.
You can roll at nearby foes to attack.
You have a long armoured tail.


Message History

There is a stone staircase leading down here.
Found 27 gold pieces.
The scorpion stings you but does no damage.
There is a stone staircase leading up here.
The scorpion stings you.
The scorpion stings you but does no damage.
You climb upwards.
The hound barks!
There is a stone staircase leading down here.
You barely miss the scorpion.
Your tail-slap misses the scorpion.
The scorpion stings you.
You hit the scorpion.
The scorpion is lightly wounded.
The scorpion stings you! The hound bites you but does no damage.
You puncture the scorpion!
The scorpion is heavily wounded.
The scorpion stings you.
* * * LOW HITPOINT WARNING * * *
The hound closely misses you.
A centaur skeleton comes into view.
You hit the scorpion. You punch the scorpion.
The scorpion is severely wounded.
The hound completely misses you. The scorpion barely misses you.
The hound bites you.
* * * LOW HITPOINT WARNING * * *
The scorpion stings you.
* * * LOW HITPOINT WARNING * * *
You open the door. The hound barely misses you. The scorpion stings you.
* * * LOW HITPOINT WARNING * * *
Found a dagger.
The hound bites you.
* * * LOW HITPOINT WARNING * * *
There is an open door here.
You hit the hound. You tail-slap the hound.
The hound is moderately wounded.
The hound bites you but does no damage. The hound barely misses you.
You hit the hound.
The hound is moderately wounded.
The hound bites you.
You die...
Your body crumbles into a pile of gold.

#... #...
#..# +#
#..##.###+
#.........
#.....Z...
#sZ# #h###
#@..#
+..)#
#...#
#...#
#####


You could see a scorpion, a hound and a centaur skeleton.

Vanquished Creatures
  A yak (D:5)
  A centaur (D:5)
  A bullfrog skeleton (D:5)
  An iguana (D:5)
  A hound skeleton (D:5)
  2 adders
  A worm (D:3)
  A dart slug (D:2)
  4 orcs
  6 bats
  7 endoplasms
  3 giant cockroaches
  7 goblins
  5 hobgoblins (D:1)
  3 jackals
  2 kobolds
  2 quokkas (D:3)
  5 ball pythons
  2 frilled lizards (D:1)
  3 rats
58 creatures vanquished.

Notes
Turn   | Place    | Note
-------+----------+-------------------------------------------
     0 | D:1      | mopl the Palentonga Gladiator began the quest for the Orb.
     0 | D:1      | Reached XP level 1. HP: 17/17 MP: 1/1
   183 | D:1      | Reached skill level 3 in Polearms
   300 | D:1      | Reached XP level 2. HP: 23/23 MP: 2/2
   377 | D:1      | Found a faded altar of an unknown god.
   466 | D:1      | Prayed at the altar of an unknown god.
   466 | D:1      | Became a worshipper of Gozag Ym Sagoz the Greedy
   944 | D:1      | Reached XP level 3. HP: 28/28 MP: 3/3
  1356 | D:1      | Reached skill level 4 in Polearms
  2353 | D:2      | Reached XP level 4. HP: 30/36 MP: 4/4
  2689 | D:3      | You fall into a shaft and drop 2 floors!
  2689 | D:5      | Entered Level 5 of the Dungeon
  2690 | D:5      | Noticed a yak
  2692 | D:5      | Noticed a yak
  2696 | D:5      | Noticed a yak
  2697 | D:5      | Reached skill level 1 in Armour
  2700 | D:5      | Found a glowing golden altar of the Shining One.
  2701 | D:5      | Noticed a yak
  2721 | D:5      | Noticed a centaur
  2738 | D:5      | HP: 1/36 [centaur (1)]
  2741 | D:5      | Killed a centaur
  2742 | D:5      | Reached skill level 3 in Fighting
  2742 | D:5      | Reached XP level 5. HP: 1/43 MP: 5/5
  2986 | D:5      | Reached skill level 5 in Polearms
  3102 | D:5      | Killed a yak
  3103 | D:5      | Reached skill level 2 in Armour
  3103 | D:5      | Reached XP level 6. HP: 36/50 MP: 6/6
  3199 | D:5      | Noticed a yak
  3248 | D:4      | HP: 2/50 [scorpion (4)]
  3252 | D:4      | Slain by a hound

Illustrated notes

Levels and vault maps discovered:
D:1:      scummos_arrival_star, layout_rooms, serial_co_window_serial,
          co_window_of_opportunity_a, co_window_paths_a, co_window_paths_b,
          co_window_paths_a, co_window_paths_b, co_window_paths_c,
          co_window_corner_b, co_window_2corner, co_window_broadway_b,
          co_window_broadway_b, co_window_corner_b, co_window_2corner,
          co_window_paths_e, glass_columns_b, glass_columns_a,
          shapermc_ecumenical_altar_venn, minmay_ruptured
D:2:      layout_basic, dk_vineyard_3, kennysheep_decorative_pillar,
          minmay_unequal
D:3:      layout_rooms
D:4:      layout_gridville, minmay_temple_entry_butterflies, st_stairs_4
D:5:      layout_rooms, nicolae_tso_besieged_by_evil, st_stairs_4

Skill      XL: |  1  2  3  4  5 |
---------------+----------------+-----
Polearms       | 3 4 5 |  5.4
Armour         | 1 2 |  2.1
Fighting       | 3 |  3.5
Throwing       | |  1.3
Dodging        | |  2.4

Action                   |  1- 3 |  4- 6 || total
-------------------------+-------+-------++-------
Melee: Trident           |   121 |    66 ||   187
       Tailslap          |     9 |    13 ||    22
       Punch             |     1 |     2 ||     3
Throw: Throwing net      |       |     1 ||     1
       Dart              |       |     7 ||     7
Evoke: Wand              |     4 |       ||     4
  Use: Potion            |       |     3 ||     3
 Stab: Distracted        |     1 |       ||     1
Armor: Leather armour    |    24 |       ||    24
       Ring mail         |     7 |       ||     7
       Chain mail        |     5 |    40 ||    45
Dodge: Dodged            |    36 |    27 ||    63
